 Dungeon Crawl Stone Soup version 0.26.1-2-gb8aa6d0cf2 (webtiles) character file.

Game seed: 13406191597813073861

47 rewtre1qaz the Digger (level 3, -4/28 HPs)
             Began as a Ghoul Earth Elementalist on Mar 15, 2021.
             Slain by a gnoll
             ... wielding a +0 halberd
              (11 damage)
             ... on level 2 of the Dungeon.
             The game lasted 00:08:46 (1697 turns).

rewtre1qaz the Digger (Ghoul Earth Elementalist)    Turns: 1697, Time: 00:08:46

Health: -4/28      AC:  3    Str: 11    XL:     3   Next: 70%
Magic:  4/5        EV: 12    Int: 11    God:
Gold:   63         SH:  0    Dex:  9    Spells: 5/6 levels left

rFire    . . .     SeeInvis .   l - +0 mace
rCold    + + .     Faith    .   (no shield)
rNeg     + + +     Spirit   .   c - +0 robe
rPois    ∞         Reflect  .   q - +0 helmet
rElec    .         Harm     .   (no cloak)
rCorr    .         Rampage  .   (no gloves)
Will     .....                  (no boots)
Stlth    ++........             (no amulet)
HPRegen  0.00/turn              o - ring of protection from cold
MPRegen  0.09/turn              (no ring)

@: no status effects
A: claws 1, cold resistance 1, negative energy resistance 3, inhibited
regeneration, torment resistance, unbreathing
a: no special abilities


You were on level 2 of the Dungeon.
You visited 1 branch of the dungeon, and saw 2 of its levels.

You collected 63 gold pieces.

Inventory:

Hand Weapons
 l - a +0 mace (weapon)
Missiles
 b - 18 stones
 p - 5 silver boomerangs
Armour
 c - a +0 robe (worn)
 q - a +0 helmet (worn)
Jewellery
 o - a ring of protection from cold (left claw)
Scrolls
 i - a scroll of identify {unknown}
 j - a scroll of amnesia {unknown}
 k - a scroll of remove curse {unknown}
 m - a scroll of immolation {unknown}
Potions
 a - a potion of heal wounds {unknown}
 d - 2 potions of might {unknown}
 e - a potion of flight {unknown}
 f - a potion of ambrosia {unknown}
 g - 2 potions of attraction {unknown}
 h - a potion of resistance {unknown}
 n - a potion of invisibility {unknown}
 r - a potion of lignification {unknown}


   Skills:
 * Level 1.3 Fighting
 * Level 0.6 Maces & Flails
 * Level 0.6 Armour
 + Level 1.9 Dodging
 - Level 2.1 Stealth
 * Level 2.2 Spellcasting
 + Level 0.8 Transmutations
 + Level 3.8 Earth Magic


You had 5 spell levels left.
You knew the following spells:

 Your Spells              Type           Power        Failure   Level
a - Sandblast             Erth           18%          6%          1

Your spell library contained the following spells:

 Spells                   Type           Power        Failure   Level
 Passwall                 Tmut/Erth      5%           16%         2
 Stone Arrow              Conj/Erth      10%          36%         3
 Petrify                  Tmut/Erth      6%           71%         4
 Lee's Rapid Deconstruct  Erth           4%           85%         5


Dungeon Overview and Level Annotations

Branches:
Dungeon (2/15)

Altars:


Innate Abilities, Weirdness & Mutations

You thrive by killing the living.
You are immune to poison.
You have sharp fingernails.
Your flesh is cold resistant. (rC+)
You are immune to negative energy. (rN+++)
You do not regenerate when monsters are visible.
You are immune to unholy pain and torment.
You can survive without breathing.


Message History

Aiming: Sandblast (safe; 6% risk of failure)
Press: ? - help, Q - select action, (/) - cycle Shift-Dir - straight line, f - gnoll
Aim: a gnoll, wielding a +0 halberd and wearing a +0 leather armour (19% to evade)
The blast of sand hits the gnoll.
The gnoll is lightly wounded.
A gnoll comes into view. It is wielding a +0 flail.
The gnoll hits you with a +0 halberd!
* * * LOW HITPOINT WARNING * * *
A hobgoblin comes into view. It is wielding a +0 club.
You barely miss the gnoll.
The gnoll is lightly wounded.
The gnoll closely misses you.
The hobgoblin shouts!
You hit the gnoll.
The gnoll is heavily wounded.
The gnoll barely misses you.
You hit the gnoll but do no damage.
The gnoll is heavily wounded.
The gnoll hits you with a +0 halberd!
You die...

#.# ♣.♣ #.# ♣.♣
#.# #♣.♣ #..# ###
###.#########.....
#.........@gg.g..#
#.###########..#.#
#. g.# # .


You could see 3 gnolls and a hobgoblin.

Vanquished Creatures
  An adder (D:1)
  2 dart slugs (D:1)
  3 leopard geckos
  4 bats (D:1)
  3 goblins (D:1)
  6 hobgoblins (D:1)
  A frilled lizard (D:1)
  3 kobolds (D:1)
  6 rats (D:1)
29 creatures vanquished.

Vanquished Creatures (others)
  2 plants (D:2)
2 creatures vanquished.

Grand Total: 31 creatures vanquished

Notes
Turn   | Place    | Note
-------+----------+-------------------------------------------
     0 | D:1      | rewtre1qaz the Ghoul Earth Elementalist began the quest for
                  | the Orb.
     0 | D:1      | Reached XP level 1. HP: 14/14 MP: 2/2
   155 | D:1      | Reached XP level 2. HP: 12/22 MP: 0/3
   186 | D:1      | Reached skill level 1 in Fighting
   679 | D:1      | Reached XP level 3. HP: 22/28 MP: 5/5
  1697 | D:2      | Slain by a gnoll

Illustrated notes

Levels and vault maps discovered:
D:1:      lemuel_arrival_broad_hall, layout_basic,
          chequers_serial_rivers_small_3
D:2:      layout_loops_corners, serial_forest, infiniplex_forest_zigzag_1,
          infiniplex_forest_lined_corner, infiniplex_forest_lined_3,
          infiniplex_forest_lined_2, infiniplex_forest_straight_4,
          infiniplex_forest_clump_medium, serial_bayou_crossing

Skill      XL: |  1  2 |
---------------+-------+-----
Fighting       | 1 |  1.3
Spellcasting   | 2 |  2.2
Maces & Flails | |  0.6
Armour         | |  0.6
Dodging        | |  1.9
Stealth        | |  2.1
Transmutations | |  0.8
Earth Magic    | |  3.8

Action                   || total
-------------------------++-------
Melee: Mace              ||    73
 Cast: Sandblast         ||    22
Armor: Robe              ||    19
Dodge: Dodged            ||    83
